 Dungeon Crawl Stone Soup version 0.29.1-2-gbd0b4ee654 (webtiles) character file.

Game seed: 18364967557127231749

1598 Descartes the Covert (level 8, -5/34 HPs)
             Began as a Felid Delver on Nov 30, 2022.
             Was an Initiate of Gozag.
             Shot with an arrow by a centaur (11 damage)
             ... on level 8 of the Dungeon.
             The game lasted 00:13:11 (11470 turns).

Descartes the Covert (Felid Delver)                Turns: 11470, Time: 00:13:12

Health: -5/34      AC:  2    Str: 10    XL:     8   Next: 62%
Magic:  9/9        EV: 23    Int: 11    God:    Gozag
Gold:   1713       SH:  0    Dex: 18    Spells: 0/7 levels left
                                        Lives:  0   Deaths: 2

rFire   . . .      SeeInvis +     - Unarmed
rCold   . . .      Faith    .   (shield unavailable)
rNeg    . . .      Spirit   .   (body armour unavailable)
rPois   .          Reflect  .   (helmet unavailable)
rElec   .          Harm     .   (cloak unavailable)
rCorr   +          Rampage  .   (gloves unavailable)
Will    +....                   (boots unavailable)
Stlth   +++++.....              (no amulet)
HPRegen 0.11/turn               s - ring of resist corrosion
MPRegen 0.11/turn               (no ring)

@: quick
A: very small, claws 1, fangs 3, see invisible, speed 1, shaggy fur 2, stealthy
paws, no weapons or thrown items, no armour, multi-lived
a: Renounce Religion, Potion Petition, Call Merchant, Bribe Branch


You were on level 8 of the Dungeon.
You worshipped Gozag.
Gozag was most pleased with you.
You visited 2 branches of the dungeon, and saw 9 of its levels.
You also visited: Sewer.

You collected 1746 gold pieces.
You paid 33 gold pieces to Gozag.

Inventory:

Jewellery
 s - a ring of resist corrosion (left paw)
 B - an amulet of reflection
 F - a ring of fire
Wands
 e - a wand of digging (3)
 w - a wand of light (7)
 y - a wand of flame (44)
 C - a wand of paralysis (17)
Scrolls
 a - a scroll of fog
 b - 4 scrolls of magic mapping
 c - 6 scrolls of fear
 f - 2 scrolls of blinking
 g - 5 scrolls of teleportation {unknown}
 j - 10 scrolls of identify {unknown}
 k - 3 scrolls of butterflies {unknown}
 n - 2 scrolls of poison {unknown}
 p - 2 scrolls of immolation {unknown}
 v - 3 scrolls of enchant armour {unknown}
 x - a scroll of acquirement {unknown}
 A - a scroll of torment {unknown}
 E - a scroll of summoning {unknown}
Potions
 d - 3 potions of haste
 h - 5 potions of lignification {unknown}
 l - a potion of ambrosia {unknown}
 m - 4 potions of flight {unknown}
 o - 2 potions of degeneration {unknown}
 q - 8 potions of curing
 r - 3 potions of mutation {unknown}
 t - 2 potions of attraction {unknown}
 u - 4 potions of brilliance {unknown}
 z - a potion of heal wounds {unknown}
 D - a potion of might {unknown}
Miscellaneous
 i - a tin of tremorstones (2/2)


   Skills:
 - Level 3.0 Fighting
 + Level 9.1 Dodging
 + Level 11.5 Stealth
 + Level 7.0 Unarmed Combat
 + Level 6.8 Translocations
 + Level 2.3 Evocations


You couldn't memorise any spells.
You knew the following spells:

 Your Spells              Type           Power      Damage    Failure   Level
a - Manifold Assault      Tloc           15%        N/A       52%         5
b - Blink                 Tloc           30%        N/A       3%          2

Your spell library contained the following spells:

 Spells                   Type           Power      Damage    Failure   Level
 Lesser Beckoning         Tloc           15%        N/A       6%          3
 Slow                     Hex            0%         N/A       34%         1
 Scorch                   Fire           0%         2d5       47%         2
 Confusing Touch          Hex            0%         N/A       71%         3
 Conjure Flame            Conj/Fire      0%         6-21      71%         3
 Ignite Poison            Fire/Tmut/Pois 0%         N/A       71%         3
 Vampiric Draining        Necr           0%         2d6       71%         3
 Summon Forest            Summ/Tloc      3%         N/A       94%         5
 Flame Wave               Conj/Fire      0%         2d4       98%         4
 Sticky Flame             Conj/Fire      0%         2d3       98%         4
 Eringya's Noxious Bog    Tmut/Pois      0%         N/A       100%        6
 Summon Cactus Giant      Summ           0%         N/A       100%        6
 Summon Hydra             Summ           0%         N/A       100%        7


Dungeon Overview and Level Annotations

Branches:
Dungeon (8/15)             Temple (1/1) D:5           Sewer (visited)
   Lair: D:8-11

Altars:
Cheibriados
Dithmenos
Elyvilon
Fedhas
Gozag
Hepliaklqana
Kikubaaqudgha
Makhleb
Nemelex Xobeh
Okawaru
Qazlal
Ru
Sif Muna
Trog
Uskayaw
Vehumet
Xom
Yredelemnul
Zin

Shops:
D:5 *


Innate Abilities, Weirdness & Mutations

You have sharp claws.
You have razor-sharp teeth.
You have supernaturally acute eyesight. (SInv)
You cover ground quickly. (Speed+)
You are covered in thick fur. (AC +2)
Your paws help you pounce on unaware monsters.
You are incapable of wielding weapons or throwing items.
You cannot wear armour.
You gain extra lives every three experience levels.


Message History

You are too injured to fight recklessly!
You are too injured to fight recklessly!
You are too injured to fight recklessly!
You are too injured to fight recklessly!
You are too injured to fight recklessly!
You are too injured to fight recklessly!
You are too injured to fight recklessly!
You are too injured to fight recklessly!
You are too injured to fight recklessly!
You are too injured to fight recklessly!
You are too injured to fight recklessly!
You are too injured to fight recklessly!
You are too injured to fight recklessly!
You are too injured to fight recklessly!
You are too injured to fight recklessly!
The centaur shoots an arrow.
The arrow barely misses you.
The centaur shoots an arrow.
The arrow hits you.
A troll comes into view.
The centaur unwields a +0 shortbow.
The centaur misses you. x2
You claw the centaur! You bite the centaur, but do no damage.
The centaur is heavily wounded.
The centaur hits you.
* * * LOW HITPOINT WARNING * * *
The centaur completely misses you.
You barely miss the centaur.
The centaur is heavily wounded.
The centaur closely misses you. The centaur misses you.
You scratch the centaur but do no damage.
The centaur is heavily wounded.
The centaur hits you.
* * * LOW HITPOINT WARNING * * *
The centaur completely misses you.
You scratch the centaur. You bite the centaur.
The centaur is severely wounded.
The centaur drinks a potion.
The centaur is healed!
The centaur misses you. The centaur completely misses you.
The centaur wields a +0 shortbow.
The centaur shoots an arrow.
The arrow hits you!
You die...
Your body crumbles into a pile of gold.

##.....##.....##
##..............##
#...........<....#
#................#
#................#
#...........!....#
#................#
#................#
##....@..........#
##..........!...#
.....Tc...#........#
....#######........#
... #........ ..
....... ....#


You could see a troll and a centaur.

Vanquished Creatures
  A steam dragon (D:6)
  3 water moccasins
  2 black bears (D:6)
  An ice beast (D:7)
  An orc warrior (D:3)
  An ogre (D:6)
  A sky beast (D:6)
  A centaur (D:4)
  2 phantoms
  A kobold brigand (D:6)
  2 bullfrogs (Sewer)
  A scorpion (D:6)
  4 wights
  A howler monkey (D:6)
  4 hounds
  2 jellies (D:5)
  An orc priest (D:3)
  7 iguanas
  Natasha (thrice) (D:4)
  4 orc wizards
  2 gnolls (D:6)
  17 adders
  A white imp (D:7)
  3 worms (D:3)
  2 dart slugs
  23 orcs
  15 ball pythons
  15 endoplasms
  14 giant cockroaches
  2 goblins
  5 hobgoblins
  5 jackals
  10 quokkas
  4 bats
  13 frilled lizards
  11 kobolds
  6 rats
  A butterfly (D:5)
192 creatures vanquished.

Vanquished Creatures (others)
  2 plants (D:3)
2 creatures vanquished.

Grand Total: 194 creatures vanquished

Notes
Turn   | Place    | Note
-------+----------+-------------------------------------------
     0 | D:5      | Descartes the Felid Delver began the quest for the Orb.
     0 | D:5      | Reached XP level 1. HP: 10/10 MP: 2/2
   283 | D:5      | Reached XP level 2. HP: 3/14 MP: 3/3
   647 | D:5      | Found a staircase to the Ecumenical Temple.
   663 | Temple   | Entered the Ecumenical Temple
   740 | Temple   | Became a worshipper of Gozag Ym Sagoz the Greedy
   785 | D:5      | Reached skill level 7 in Stealth
   785 | D:5      | Reached XP level 3. HP: 17/17 MP: 4/4
   790 | D:5      | Reached XP level 4. HP: 15/21 MP: 5/5
  1036 | D:5      | Reached XP level 5. HP: 24/24 MP: 6/6
  1056 | D:5      | Noticed an orc warrior
  1123 | D:4      | Noticed a centaur
  1127 | D:4      | Found a shadowy altar of Dithmenos.
  1128 | D:4      | Killed a centaur
  1129 | D:4      | Reached skill level 5 in Dodging
  1129 | D:4      | Reached skill level 8 in Stealth
  1258 | D:3      | Found a glowing drain.
  1301 | Sewer    | Entered a sewer
  1792 | Sewer    | Gained mutation: You are covered in thick fur. (AC +2)
                  | [Felid growth]
  1792 | Sewer    | Reached XP level 6. HP: 28/28 MP: 7/7
  2710 | D:3      | Reached skill level 9 in Stealth
  2784 | D:3      | Reached XP level 7. HP: 29/31 MP: 8/8
  2867 | D:3      | Identified the +7 flail of the Skies Above {freeze, rF- rC+
                  | Dex+3 Stlth+}
  2969 | D:3      | Found a faded altar of an unknown god.
  3002 | D:3      | Identified the +1 robe of Dice, Bag, and Bottle {Rampage
                  | rF+++ Str+3}
  3283 | D:3      | Found a radiant altar of Vehumet.
  3283 | D:3      | Found a snail-covered altar of Cheibriados.
  3284 | D:3      | Found a sparkling altar of Nemelex Xobeh.
  3711 | D:2      | Identified the +3 ring mail of Enormous Creativity {Will++
                  | MP-9 Int+4}
  4138 | D:2      | Learned a level 5 spell: Manifold Assault
  4222 | D:4      | Noticed Natasha
  4224 | D:4      | Killed Natasha
  4665 | D:1      | Reached skill level 5 in Unarmed Combat
  4900 | D:1      | Reached skill level 1 in Translocations
  5376 | D:4      | Noticed Natasha
  5388 | D:4      | Killed Natasha
  5413 | D:4      | Noticed Natasha
  5421 | D:4      | Killed Natasha
  5999 | D:5      | Found Huuc's Elemental Accessories.
  6243 | D:5      | Found a burning altar of Makhleb.
  6250 | D:5      | Found a white marble altar of Elyvilon.
  6497 | D:6      | Reached XP level 8. HP: 34/34 MP: 9/9
  6534 | D:6      | Learned a level 2 spell: Blink
  6550 | D:6      | Reached skill level 10 in Stealth
  7197 | D:4      | Mangled by an orc warrior
  7198 | D:4      | Reached XP level 7. HP: -8/31 MP: 8/8
  7427 | D:6      | Demolished by a wight
  7428 | D:6      | Reached XP level 6. HP: -15/28 MP: 7/7
  7532 | D:6      | Reached skill level 5 in Translocations
  7559 | D:6      | Reached XP level 7. HP: 14/31 MP: 8/8
  7984 | D:6      | Reached skill level 11 in Stealth
  8362 | D:7      | Reached XP level 8. HP: 34/34 MP: 9/9
  8440 | D:7      | Reached skill level 1 in Evocations
  9363 | D:4      | Found a shadowy altar of Dithmenos.
 11465 | D:8      | Noticed a troll
 11470 | D:8      | Shot with an arrow by a centaur

Illustrated notes

Levels and vault maps discovered:
D:1:      amcnicky_arrival_abandoned_market, layout_basic
D:2:      layout_loops_cross
D:3:      layout_basic, gammafunk_temple_overflow_forgotten,
          shapermc_ecumenical_altar_flowoftime, cheibrodos_sewer_entry_bend
D:4:      layout_loops_ring, mainiacjoe_overflow_catwalk, uniq_natasha
D:5:      nicolae_cairo_tiling_large, layout_loops_ring,
          amethyst_overflow_temple_binary, minmay_temple_entry_butterflies,
          nicolae_elemental_shop, chequers_serial_rivers_small_a
D:6:      minmay_evil_eye, layout_gridville, mrwooster_statue_mirror,
          minmay_joined_circles
D:7:      layout_rooms
D:8:      layout_rooms, uniq_pikel
Temple:   nicolae_temple_god_jail

Skill      XL: |  1  2  3  4  5  6  7  8 |
---------------+-------------------------+-----
Dodging        | 3 4 5 6 8 9 |  9.1
Stealth        | 7 8 9 11 10 | 11.5
Unarmed Combat | 3 4 6 7 |  7.0
Translocations | 5 6 4 |  6.8
Evocations     | 2 |  2.3
Fighting       | |  3.0

Action                   |  1- 3 |  4- 6 |  7- 9 || total
-------------------------+-------+-------+-------++-------
Melee: Unarmed           |    28 |   242 |   331 ||   601
       Bite              |     4 |    27 |    41 ||    72
       Punch             |     1 |     5 |    14 ||    20
  Use: Scroll            |       |     1 |       ||     1
       Potion            |       |     2 |       ||     2
 Stab: Sleeping          |     2 |    12 |    49 ||    63
       Distracted        |       |     1 |     5 ||     6
Armor: Skin              |     1 |    13 |    19 ||    33
Dodge: Dodged            |    17 |   228 |   276 ||   521
